 Dungeon Crawl Stone Soup version 0.27-a0-1332-g84bddb5ca7 (webtiles) character file.

Game seed: 5074774189735112008

15 Brandom the Sneak (level 2, -1/24 HPs)
             Began as a Demonspawn Delver on June 25, 2021.
             Was an Initiate of Okawaru.
             Slain by an adder (4 damage)
             ... on level 2 of the Dungeon.
             The game lasted 00:01:44 (264 turns).

Brandom the Sneak (Demonspawn Delver)                Turns: 264, Time: 00:01:44

Health: -1/24      AC:  3    Str: 12    XL:     2   Next: 34%
Magic:  2/2        EV: 12    Int: 11    God:    Okawaru [......]
Gold:   33         SH:  0    Dex: 14    Spells: 1/1 levels left

rFire    . . .     SeeInvis .   a - +0 falchion
rCold    . . .     Faith    .   (no shield)
rNeg     . . .     Spirit   .   b - +0 leather armour
rPois    .         Reflect  .   (no helmet)
rElec    .         Harm     .   (no cloak)
rCorr    .         Rampage  .   (no gloves)
Will     .....                  (no boots)
Stlth    ++........             (no amulet)
HPRegen  0.08/turn              (no ring)
MPRegen  0.08/turn              (no ring)

@: no status effects
A: ignite blood 1
a: Renounce Religion


You were on level 2 of the Dungeon.
You worshipped Okawaru.
Okawaru was noncommittal.
You visited 1 branch of the dungeon, and saw 4 of its levels.

You collected 33 gold pieces.

Inventory:

Hand Weapons
 a - a +0 falchion (weapon)
Armour
 b - a +0 leather armour (worn)
 h - a +0 plate armour
   (You found it on level 3 of the Dungeon)
Wands
 v - a wand of digging (3)
Scrolls
 c - a scroll of fog
 d - a scroll of magic mapping
 g - a scroll of teleportation {unknown}
Potions
 f - a potion of haste {@q3}


   Skills:
 * Level 3.2 Fighting
 * Level 2.1 Long Blades
 + Level 0.4 Armour
 + Level 2.0 Dodging
 - Level 4.5 Stealth


You had one spell level left.
You didn't know any spells.
Your spell library was empty.

Dungeon Overview and Level Annotations

Branches:
Dungeon (5/15)
 Temple: D:4-7

Altars:
Okawaru


Innate Abilities, Weirdness & Mutations

Your demonic aura sometimes causes spilled blood to erupt in flames.


Message History

You hit the adder.
You feel sick. The adder barely misses you.
You hit the adder.
You kill the adder!
Okawaru accepts your kill.
You feel sick.
You are no longer poisoned.
Your Long Blades skill increases to level 2!
You have reached level 2!
Your demonic ancestry asserts itself...
Your blood heats up.
You closely miss the hobgoblin.
The hobgoblin hits you but does no damage.
You hit the hobgoblin. The hobgoblin misses you.
You riposte.
You hit the hobgoblin.
You kill the hobgoblin!
Okawaru accepts your kill. The adder bites you.
Your Dodging skill increases to level 2!
You closely miss the adder. The adder closely misses you.
Unknown command.
You completely miss the adder. The adder closely misses you.
The adder bites you.
* * * LOW HITPOINT WARNING * * *
Unknown command.
You closely miss the adder. The adder misses you. The adder misses you.
You hit the adder. The adder bites you.
* * * LOW HITPOINT WARNING * * *
You are poisoned.
The adder poisons you!
As you read the scroll of fear, it crumbles to dust.
You assume a fearsome visage.
The adder looks frightened!
You feel sick.
You feel sick.
You feel sick.
You feel sick.
You are no longer poisoned.
The adder seems to regain its courage.
The adder misses you.
You barely miss the adder. The adder misses you. x2; You riposte.
You miss the adder. You barely miss the adder.
The adder bites you but does no damage.
You completely miss the adder. The adder bites you.
* * * LOW HITPOINT WARNING * * *
The adder bites you.
* * * LOW HITPOINT WARNING * * *
You hit the adder but do no damage. The adder closely misses you. x2
You riposte.
You closely miss the adder.
Unknown command.
Unknown command.
You hit the adder. The adder bites you.
You die...

#......#..#
##........#
#####.##.#
#.##.#####
#.##.....#
#.######.#
#.# #.# #.#
#.# #@# #.#
#S# #.# #.#
#.# #.# #.#
#.# #.# #.#
#.# #.# #†#
#.# #.# #S#


You could see an adder.

Vanquished Creatures
  An adder (D:2)
  A dart slug (D:2)
  2 hobgoblins (D:2)
  A rat (D:3)
5 creatures vanquished.

Notes
Turn   | Place    | Note
-------+----------+-------------------------------------------
     0 | D:5      | Brandom the Demonspawn Delver began the quest for the Orb.
     0 | D:5      | Reached XP level 1. HP: 18/18 MP: 1/1
    11 | D:5      | Found an iron altar of Okawaru.
    12 | D:5      | Noticed a scorpion
    28 | D:5      | Became a worshipper of Warmaster Okawaru
   124 | D:5      | Noticed a centaur
   229 | D:2      | Gained mutation: Your demonic aura sometimes causes spilled
                  | blood to erupt in flames. [demonic ancestry]
   229 | D:2      | Reached XP level 2. HP: 17/24 MP: 2/2
   264 | D:2      | Slain by an adder

Illustrated notes

Levels and vault maps discovered:
D:2:      layout_loops_ring, serial_shops, nicolae_diamond_shop
D:3:      layout_basic, minmay_ruptured
D:4:      layout_loops_cross, amcnicky_mini_rare_corridor_liquid,
          uniq_blork_the_orc, uniq_sigmund
D:5:      layout_rooms, lemuel_tele_altar, chequers_temple_overflow_minitemple,
          kennysheep_orc_sif_temple, serial_corexii_hall,
          chequers_hall_statues_y, corexii_hall_statues_deadend,
          chequers_hall_statues_corner_a, corexii_hall_statues_deadend,
          corexii_hall_statues_x, corexii_hall_statues_i,
          amcnicky_mini_pool_small, grunt_ministairs_9, item_on_display_a

Skill      XL: |  1  2 |
---------------+-------+-----
Long Blades    | 2 |  2.1
Dodging        | 2 |  2.0
Fighting       | |  3.2
Armour         | |  0.4
Stealth        | |  4.5

Action                   || total
-------------------------++-------
Melee: Falchion          ||    21
  Use: Scroll            ||     1
 Stab: Sleeping          ||     2
Armor: Leather armour    ||     4
Dodge: Dodged            ||    17
       Rpst.: Falchion   ||     4

Table legend: (Time is in decaauts)
 A = Elapsed time spent in this place.
 B = Non-inter-level travel time spent in this place.
 C = Inter-level travel time spent in this place.
 D = Time resting spent in this place.
 E = Time spent auto-exploring this place.
 F = Levels seen in this place.
 G = Mean time per level.
                   A        B        C        D        E       F      G
               +--------+--------+--------+--------+--------+-----+--------+
         Total |    267 |    267 |      0 |      0 |     99 |   4 |   66.8 |
       Dungeon |    267 |    267 |      0 |      0 |     99 |   4 |   66.8 |
               +--------+--------+--------+--------+--------+-----+--------+

Top non-repeatable levels by time:
     D:5: 140 daAuts
     D:2: 82 daAuts
     D:3: 39 daAuts
     D:4: 5 daAuts
